 Dungeon Crawl Stone Soup version 0.32-a0-747-gc8563f6773 (webtiles) character file.

Game seed: 2152566550050884945

87 greenreed the Poker (level 4, -7/33 (35) HPs)
             Began as a Coglin Gladiator on Mar 17, 2024.
             Engulfed by a steam dragon's steam (13 damage)
             ... on level 6 of the Dungeon.
             The game lasted 00:02:21 (1581 turns).

greenreed the Poker (Coglin Gladiator)              Turns: 1581, Time: 00:02:21

HP:   -7/33 (35)    AC:  9    Str: 17    XL:     4   Next: 51%
MP:   4/4           EV:  7    Int:  7    God:
Gold: 159           SH:  0    Dex: 15    Spells: 3/3 levels left

rFire   . . .        a - +0 trident {Balvinder}
rCold   . . .        h - +0 spear {Arun}
rNeg    . . .        k - +0 chain mail
rPois   .            c - +0 helmet
rElec   .            (no cloak)
rCorr   .            (no gloves)
SInv    .            (no boots)
Will    .....        (amulet unavailable) Stlth
                     (ring unavailable)
HPRegen 0.25/turn    (ring unavailable)
MPRegen 0.09/turn    (no gizmo)

%: no passive effects
@: drained, revved
A: off-hand wielding, slow wielding, warmup strikes, no jewellery
a: Invent Gizmo


You were on level 6 of the Dungeon.
You visited 1 branch of the dungeon, and saw 4 of its levels.

You collected 159 gold pieces.

Inventory:

Hand Weapons
 a - a +0 trident (weapon) {Balvinder}
 h - a +0 spear (offhand) {Arun}
Missiles
 d - 4 throwing nets (quivered)
 e - a javelin
Armour
 c - a +0 helmet (worn)
 k - a +0 chain mail (worn)
Scrolls
 b - a scroll of vulnerability {unknown}
 f - 2 scrolls of identify {unknown}
 i - 3 scrolls of fear {unknown}
 j - a scroll of teleportation {unknown}
 o - a scroll of summoning {unknown}
Potions
 g - 2 potions of heal wounds {unknown}
 l - 2 potions of lignification {unknown}
 m - a potion of cancellation {unknown}
 n - a potion of attraction {unknown}


   Skills:
 * Level 3.0 Fighting
 * Level 3.4 Polearms
 - Level 1.9 Throwing
 + Level 1.0 Armour
 + Level 3.1 Dodging


You had 3 spell levels left.
You didn't know any spells.
Your spell library was empty.

Dungeon Overview and Level Annotations

Branches:
Dungeon (3/15)

Altars:


Innate Abilities, Weirdness & Mutations

You can wield a second weapon in your off-hand.
It takes a long time for you to wield or remove held weapons.
Your first few attacks do less damage.
You cannot equip rings or amulets.


Message History

You hit the steam dragon but do no damage.
A wight comes into view. It is wielding a +0 halberd.
The steam dragon barely misses you.
The steam dragon claws you but does no damage.
You hit the steam dragon but do no damage.
The steam dragon is lightly wounded.
You hit the steam dragon with your +0 spear.
The steam dragon bites you but does no damage.
The steam dragon claws you but does no damage.
You hit the steam dragon with your +0 spear.
The steam dragon is moderately wounded.
You closely miss the steam dragon with your +0 trident.
The steam dragon misses you.
The steam dragon claws you but does no damage.
You closely miss the steam dragon with your +0 spear.
The steam dragon is moderately wounded.
You hit the steam dragon but do no damage.
The steam dragon bites you.
The steam dragon claws you but does no damage.
You hit the steam dragon with your +0 trident.
The steam dragon is heavily wounded.
You closely miss the steam dragon with your +0 spear.
The steam dragon misses you.
The steam dragon claws you but does no damage.
You hit the steam dragon with your +0 spear.
The steam dragon is heavily wounded.
You barely miss the steam dragon with your +0 trident.
The steam dragon bites you but does no damage.
The steam dragon claws you but does no damage.
The wight hits you with a +0 long sword.
You feel drained.
Unknown command.
The wight hits you but does no damage. The wight attacks as it pursues you!
The wight hits you with a +0 scimitar!
You feel drained.
* * * LOW HITPOINT WARNING * * *
The steam dragon breathes steam at you. The ball of steam misses you.
You are engulfed in a cloud of scalding steam.
You die...

#..... ...#
#....# ...#
#....##...#
#.........#
#.........#
#.........#
#....#....#
######§#+###
#.@§..#
#..§..#
#..z§.#
#..z.D#
#....z#
#.....z§...D.
#............
#............
#............


You could see 4 wights.

Vanquished Creatures
  3 adders
  3 ribbon worms (D:2)
  A dart slug (D:1)
  5 orcs (D:3)
  4 ball pythons
  3 endoplasms
  2 giant cockroaches
  3 hobgoblins
  4 jackals (D:1)
  A quokka (D:1)
  4 bats
  5 goblins
  4 kobolds
  4 rats
46 creatures vanquished.

Notes
Turn   | Place    | Note
-------+----------+-------------------------------------------
     0 | D:1      | greenreed the Coglin Gladiator began the quest for the Orb.
     0 | D:1      | Reached XP level 1. HP: 16/16 MP: 1/1
    97 | D:1      | Reached XP level 2. HP: 22/22 MP: 2/2
   659 | D:2      | Reached XP level 3. HP: 28/28 MP: 3/3
   997 | D:2      | Found a faded altar of an unknown god.
  1356 | D:2      | Reached XP level 4. HP: 34/34 MP: 4/4
  1533 | D:3      | Reached skill level 1 in Armour
  1553 | D:3      | You fall into a shaft and drop 3 floors!
  1564 | D:6      | Noticed a steam dragon
  1581 | D:6      | Engulfed by a steam dragon's steam

Illustrated notes

Levels and vault maps discovered:
D:1:      dpeg_arrival_tiny_k, layout_loops_cross, minmay_tiny_reverse_x
D:2:      layout_basic, chequers_ecumenical_altar_simple_redux
D:3:      layout_basic, dk_noncrumbling_4, chequers_serial_rivers_small_a
D:6:      layout_gridville, minmay_misc_feat_diagonals, uniq_crazy_yiuf_cottage

Skill      XL: |  1  2  3  4 |
---------------+-------------+-----
Polearms       | 3 |  3.4
Dodging        | 3 |  3.1
Armour         | 1 |  1.0
Fighting       | 3 |  3.0
Throwing       | |  1.9

Action                     |  1- 3 |  4- 6 || total
---------------------------+-------+-------++-------
  Melee: Trident           |    77 |    36 ||   113
         Dagger            |     9 |       ||     9
         Spear             |    59 |    31 ||    90
   Stab: Sleeping          |     1 |       ||     1
 Armour: Leather armour    |    11 |       ||    11
         Chain mail        |    18 |    30 ||    48
  Dodge: Dodged            |    29 |    13 ||    42

Table legend: (Time is in decaauts)
 A = Elapsed time spent in this place.
 B = Non-inter-level travel time spent in this place.
 C = Inter-level travel time spent in this place.
 D = Time resting spent in this place.
 E = Time spent auto-exploring this place.
 F = Levels seen in this place.
 G = Mean time per level.
                   A        B        C        D        E       F      G
               +--------+--------+--------+--------+--------+-----+--------+
         Total |   1585 |   1497 |     88 |      0 |   1220 |   4 |  396.2 |
       Dungeon |   1585 |   1497 |     88 |      0 |   1220 |   4 |  396.2 |
               +--------+--------+--------+--------+--------+-----+--------+

Top non-repeatable levels by time:
     D:2: 782 daAuts
     D:1: 624 daAuts
     D:3: 150 daAuts
     D:6: 27 daAuts
